 Dungeon Crawl Stone Soup version 0.30.1-4-g462c640d31 (webtiles) character file.

Game seed: 5050293569963557650

2811 HagarQim the Fighter (level 9, -3/82 HPs)
             Began as a Minotaur Fighter on Sept 7, 2023.
             Was an Elder of Okawaru.
             Engulfed by a cloud of steam (11 damage)
             ... on level 7 of the Dungeon on Sept 8, 2023.
             The game lasted 00:22:37 (6824 turns).

HagarQim the Fighter (Minotaur Fighter)             Turns: 6824, Time: 00:22:37

Health: -3/82      AC: 13    Str: 26    XL:     9   Next: 44%
Magic:  9/9        EV: 10    Int:  5    God:    Okawaru [****..]
Gold:   286        SH:  9    Dex:  9    Spells: 8/8 levels left

rFire   . . .        A - +2 falchion (heavy)
rCold   . . .        h - +0 kite shield
rNeg    . . .        b - +0 scale mail
rPois   .            (helmet restricted)
rElec   .            p - +1 cloak
rCorr   .            q - +0 pair of gloves
SInv    .            e - +1 pair of boots
Will    .....        (no amulet) Stlth
                     (no ring)
HPRegen 0.33/turn    (no ring)
MPRegen 0.11/turn

%: no passive effects
@: no status effects
A: horns 2, retaliatory headbutt
a: Renounce Religion, Heroism, Finesse


You were on level 7 of the Dungeon.
You worshipped Okawaru.
Okawaru was greatly pleased with you.
You visited 1 branch of the dungeon, and saw 7 of its levels.
You also visited: Sewer.

You collected 286 gold pieces.

Inventory:

Hand Weapons
 a - a +0 war axe
 l - a +0 dagger of venom
 n - a +1 short sword of speed
 s - a +1 short sword of venom
 A - a +2 heavy falchion (weapon)
Missiles
 f - 2 javelins
 j - 12 poisoned darts (quivered)
 t - 2 curare-tipped darts
Armour
 b - a +0 scale mail (worn)
 c - a +0 buckler
 e - a +1 pair of boots (worn)
 h - a +0 kite shield (worn)
 p - a +1 cloak (worn)
 q - a +0 pair of gloves (worn)
Wands
 v - a wand of flame (17)
 y - a wand of paralysis (8)
Scrolls
 k - 3 scrolls of amnesia
 o - 3 scrolls of enchant weapon
 r - a scroll of magic mapping
 u - 2 scrolls of teleportation
 z - 2 scrolls of blinking
 B - 3 scrolls of fear
Potions
 d - a potion of might
 g - a potion of lignification
 i - 6 potions of attraction
 m - 3 potions of mutation
 w - 3 potions of magic
 x - a potion of brilliance {unknown}
 C - 2 potions of berserk rage {unknown}
 D - a potion of curing
 E - a potion of heal wounds {unknown}
 F - 3 potions of flight {unknown}


   Skills:
 * Level 8.6 Fighting
 + Level 6.1 Long Blades
 + Level 6.6 Axes
 + Level 0.7 Throwing
 + Level 7.1 Armour
 + Level 3.4 Dodging
 + Level 1.4 Stealth
 + Level 6.7 Shields
 + Level 2.4 Invocations


You had 8 spell levels left.
You didn't know any spells.
Your spell library contained the following spells:

 Spells                   Type           Power      Damage    Failure   Level
 Magic Dart               Conj           0%         1d3       91%         1
 Blink                    Tloc           0%         N/A       97%         2
 Cigotuvi's Dreadful Rot  Necr/Pois/Air  0%         N/A       97%         2
 Lesser Beckoning         Tloc           0%         N/A       97%         2
 Momentum Strike          Conj/Tloc      0%         3d8       97%         2
 Searing Ray              Conj           0%         2d4       97%         2
 Ignite Poison            Fire/Tmut/Pois 0%         N/A       99%         3
 Fulminant Prism          Conj/Hex       0%         3d5       100%        4
 Freezing Cloud           Conj/Ice/Air   0%         6-21      100%        5


Dungeon Overview and Level Annotations

Branches:
Dungeon (7/15)             Temple (0/1) D:6           Sewer (visited)

Altars:
Kikubaaqudgha
Nemelex Xobeh
Okawaru
Ru
Trog
Zin

Shops:
D:2 [   D:5 *


Innate Abilities, Weirdness & Mutations

You have a pair of horns on your head.
You reflexively headbutt those who attack you in melee.


Message History

Okawaru accepts your kill.
Your Long Blades skill increases to level 6!
You start resting.
A steam dragon comes into view.
You start resting.
A steam dragon is nearby!
You are too injured to fight recklessly!
The steam dragon bites you!
* * * LOW HITPOINT WARNING * * *
The steam dragon claws you.
* * * LOW HITPOINT WARNING * * *
You hit the steam dragon but do no damage.
The steam dragon closely misses you. The steam dragon barely misses you.
The steam dragon breathes steam at you. The ball of steam misses you.
You slash the steam dragon!
The steam dragon is heavily wounded.
You are engulfed in a cloud of scalding steam.
* * * LOW HITPOINT WARNING * * *
The steam dragon completely misses you. The steam dragon barely misses you.
You block the steam dragon's attack. The steam dragon barely misses you.
You hit the steam dragon but do no damage.
You headbutt the steam dragon, but do no damage.
The steam dragon is heavily wounded.
The steam dragon bites you.
* * * LOW HITPOINT WARNING * * *
You block the steam dragon's attack.
You slash the steam dragon! Your headbutt misses the steam dragon.
The steam dragon is severely wounded.
You block the steam dragon's attack.
The steam dragon claws you but does no damage.
The steam dragon bites you!
* * * LOW HITPOINT WARNING * * *
The steam dragon claws you but does no damage.
You slash the steam dragon!
You kill the steam dragon!
Okawaru accepts your kill.
The steam dragon scales are intact enough to wear.
You are engulfed in a cloud of scalding steam.
You die...

...#..# #### #.##
....#.# ####≈~~
#... ~~~.#.#
#.##~~~.. #..#
...~#.# #.#~~...#
#..# [_.~#.#
#.#~.⌠..# ##..#
...~#.# #.#...?.#
####.... ~~~.#.##
#.##...#
####.......
....#..# #.###[###
#........##
...#.#.# ##[#...@.#
..........#
#.#.##.###....#...#
..........#
.#...........####.#
......>...#
#.####.......# #.#
........... ###
#.......# #.#
..........# ..#
#.......# #.#
#.......... ..#
#.......# #.#
##.....<.## ..#
#........#
#.####...#####.#
..##..##.#####
#.#....## #.#


There were no monsters in sight!

Vanquished Creatures
  Eustachio (D:4)
  2 steam dragons (D:7)
  A water moccasin (D:6)
  4 sky beasts
  2 black bears
  2 ogres (D:7)
  2 orc warriors (D:7)
  An ice beast (D:5)
  A centaur (D:6)
  Blork the orc (D:3)
  2 kobold brigands (Sewer)
  A bullfrog (D:6)
  5 scorpions
  3 jellies
  3 killer bees (D:7)
  2 hounds (D:6)
  2 orc priests
  6 iguanas
  Ijyb (D:4)
  A sleepcap (D:6)
  5 adders
  A shadow imp (D:5)
  3 white imps
  4 dart slugs
  2 worms (D:4)
  20 orcs
  11 ball pythons
  4 bats
  9 endoplasms
  10 giant cockroaches
  7 hobgoblins
  7 jackals
  20 kobolds
  4 quokkas
  4 frilled lizards
  12 goblins
  7 rats
173 creatures vanquished.

Vanquished Creatures (others)
  A human (D:7)
1 creature vanquished.

Grand Total: 174 creatures vanquished

Notes
Turn   | Place    | Note
-------+----------+-------------------------------------------
     0 | D:1      | HagarQim the Minotaur Fighter began the quest for the Orb.
     0 | D:1      | Reached XP level 1. HP: 19/19 MP: 0/0
   176 | D:1      | Reached XP level 2. HP: 25/27 MP: 1/1
   790 | D:1      | Reached XP level 3. HP: 33/33 MP: 2/2
   855 | D:2      | Found a faded altar of an unknown god.
   879 | D:2      | Prayed at the altar of an unknown god.
   879 | D:2      | Became a worshipper of Warmaster Okawaru
   879 | D:2      | Reached * piety under Okawaru
   900 | D:2      | Found Tyikan's Antique Armour Shop.
  1447 | D:3      | Reached XP level 4. HP: 40/40 MP: 3/3
  1835 | D:3      | You fall into a shaft and drop 2 floors!
  1835 | D:5      | Entered Level 5 of the Dungeon
  1890 | D:5      | Reached skill level 5 in Armour
  2022 | D:5      | Reached skill level 4 in Fighting
  2022 | D:5      | Reached XP level 5. HP: 17/46 MP: 4/4
  2180 | D:5      | Noticed an ice beast
  2183 | D:5      | Identified the +0 ring mail "Hirisax" {Harm rN+ Int+4}
  2207 | D:5      | Reached ** piety under Okawaru
  2208 | D:5      | Reached skill level 1 in Stealth
  2272 | D:5      | Found Biri's General Store.
  2425 | D:4      | Reached XP level 6. HP: 52/52 MP: 5/5
  2457 | D:4      | Found a glowing drain.
  2475 | Sewer    | Entered a sewer
  2636 | Sewer    | Reached skill level 5 in Axes
  2636 | Sewer    | Reached skill level 5 in Shields
  2732 | Sewer    | Reached skill level 1 in Dodging
  2732 | Sewer    | Reached skill level 1 in Invocations
  2808 | D:4      | Noticed Eustachio
  2821 | D:4      | Noticed Ijyb
  2826 | D:4      | Paralysed by Ijyb for 2 turns
  2834 | D:4      | Killed Ijyb
  2840 | D:4      | Killed Eustachio
  2841 | D:4      | Reached XP level 7. HP: 4/60 MP: 4/7
  3082 | D:4      | Noticed Blork the orc
  3104 | D:3      | Killed Blork the orc
  4153 | D:5      | Reached skill level 5 in Fighting
  4194 | D:5      | Reached *** piety under Okawaru
  4196 | D:5      | Reached skill level 1 in Long Blades
  4606 | D:5      | Reached XP level 8. HP: 66/70 MP: 8/8
  4897 | D:6      | Reached skill level 6 in Fighting
  5257 | D:6      | Found a staircase to the Ecumenical Temple.
  5363 | D:6      | Reached skill level 7 in Fighting
  5660 | D:6      | Found a glowing silver altar of Zin.
  5877 | D:7      | Reached **** piety under Okawaru
  6121 | D:7      | Reached XP level 9. HP: 79/79 MP: 9/9
  6157 | D:7      | Found an ancient bone altar of Kikubaaqudgha.
  6203 | D:7      | Reached skill level 5 in Long Blades
  6243 | D:7      | Found a sparkling altar of Nemelex Xobeh.
  6418 | D:7      | Reached skill level 8 in Fighting
  6517 | D:7      | Found a bloodstained altar of Trog.
  6759 | D:7      | Found a sacrificial altar of Ru.
  6824 | D:7      | Engulfed by a cloud of steam

Illustrated notes

Levels and vault maps discovered:
D:1:      reono_arrival_mine, layout_loops_cross, skrybe_limestone_x
D:2:      layout_rooms, serial_shops, shop, hellmonk_ecumenical_altar_dog_temple
D:3:      layout_loops_corners, nicolae_elevator_lobby_asterisk
D:4:      layout_basic, cheibrodos_sewer_entry_bend, uniq_eustachio,
          uniq_blork_the_orc, uniq_ijyb
D:5:      layout_gridville, serial_shops, nicolae_shop_trees
D:6:      layout_basic, marbit_many_paths, temple_statues
D:7:      cheibrodos_steamvent, layout_rooms, trog_butcher_becter,
          tgw_kikubaaqudgha, nicolae_ru_awakened_eye, lemuel_doored_altar,
          minmay_misc_feat_plants

Skill      XL: |  1  2  3  4  5  6  7  8  9 |
---------------+----------------------------+-----
Shields        | 4 5 6 |  6.7
Axes           | 3 4 6 |  6.6
Armour         | 4 5 6 7 |  7.1
Fighting       | 4 5 7 8 |  8.6
Stealth        | 1 |  1.4
Dodging        | 1 2 3 |  3.4
Invocations    | 1 2 |  2.4
Long Blades    | 1 4 6 |  6.1
Throwing       | |  0.7

Action                     |  1- 3 |  4- 6 |  7- 9 || total
---------------------------+-------+-------+-------++-------
  Melee: War axe           |   105 |   159 |     2 ||   266
         Headbutt          |     6 |    31 |    31 ||    68
         Falchion          |       |       |   229 ||   229
  Throw: Dart              |       |       |    10 ||    10
 Invoke: Heroism           |       |     1 |       ||     1
    Use: Scroll            |     6 |     9 |     4 ||    19
         Potion            |       |     2 |     4 ||     6
 Armour: Scale mail        |    51 |    67 |   162 ||   280
         Skin              |       |       |    32 ||    32
  Dodge: Dodged            |    42 |    52 |   104 ||   198
  Block: Buckler           |     4 |       |       ||     4
         Kite shield       |    38 |    66 |   145 ||   249
